 Dungeon Crawl Stone Soup version 0.27-a0-1090-gb115f176c6 (webtiles) character file.

Game seed: 5137893146347898074

23 rjrrt the Chopper (level 2, -2/24 HPs)
             Began as a Demonspawn Berserker on Apr 27, 2021.
             Was a Follower of Trog.
             Slain by an adder (3 damage)
             ... on level 1 of the Dungeon.
             The game lasted 00:01:15 (1214 turns).

rjrrt the Chopper (Demonspawn Berserker)            Turns: 1214, Time: 00:01:15

Health: -2/24      AC:  2    Str: 17    XL:     2   Next: 72%
Magic:  2/2        EV: 12    Int:  8    God:    Trog [*.....]
Gold:   36         SH:  0    Dex: 12    Spells: 1/1 levels left

rFire    . . .     SeeInvis .   a - +0 hand axe
rCold    . . .     Faith    .   (no shield)
rNeg     . . .     Spirit   .   b - +0 animal skin
rPois    .         Reflect  .   (no helmet)
rElec    .         Harm     .   (no cloak)
rCorr    .         Rampage  .   (no gloves)
Will     .....                  (no boots)
Stlth    +.........             (no amulet)
HPRegen  0.08/turn              (no ring)
MPRegen  0.08/turn              (no ring)

@: lethally poisoned (-2 -> -4), on berserk cooldown, slowed, very slow
A: powered by death 1
a: Renounce Religion, Berserk


You were on level 1 of the Dungeon.
You worshipped Trog.
Trog was aware of your devotion.
You visited 1 branch of the dungeon, and saw 2 of its levels.

You collected 36 gold pieces.

Inventory:

Hand Weapons
 a - a +0 hand axe (weapon)
Missiles
 c - 12 poisoned darts (quivered)
 g - 7 boomerangs
Armour
 b - a +0 animal skin (worn)
Scrolls
 f - a scroll of fog {unknown}
 h - a scroll of teleportation {unknown}
 i - a scroll of magic mapping {unknown}
Potions
 d - a potion of flight {unknown}
 e - a potion of heal wounds {unknown}


   Skills:
 - Level 3.0 Fighting
 + Level 3.7 Axes
 - Level 1.7 Armour
 - Level 1.7 Dodging


You had one spell level left.
You didn't know any spells.
Your spell library was empty.

Dungeon Overview and Level Annotations

Branches:
Dungeon (2/15)

Altars:


Innate Abilities, Weirdness & Mutations

You regenerate a little health from kills.


Message History

You are poisoned.
The adder poisons you!
The bat moves out of view.
You barely miss the adder.
The adder is almost dead.
You barely miss the adder.
You feel very sick.
The kobold shouts!
The adder misses you. The adder closely misses you.
The kobold throws a stone.
The stone hits you. The adder bites you but does no damage.
The adder barely misses you.
You are too injured to fight recklessly!
Unknown command.
Unknown command.
You feel sick. The adder completely misses you.
The kobold throws a stone.
The stone hits you but does no damage.
You feel sick. The adder barely misses you.
You feel sick.
You are no longer poisoned.
The adder closely misses you.
The kobold throws a stone.
The stone barely misses you.
There is a stone staircase leading up here.
The adder bites you.
* * * LOW HITPOINT WARNING * * *
The adder completely misses you. The adder bites you.
* * * LOW HITPOINT WARNING * * *
The kobold throws a stone.
The stone misses you.
You climb upwards.
There is a stone staircase leading down here.
Unknown command.
You hit the adder.
The adder is severely wounded.
The adder completely misses you. The adder bites you.
* * * LOW HITPOINT WARNING * * *
You are lethally poisoned!
The adder poisons you!
You barely miss the adder.
The adder is severely wounded.
* * * LOW HITPOINT WARNING * * *
You feel sick. The adder barely misses you. The adder bites you.
You die...

........................#####.###
####..#######.#..#.##...# #.# #
#..# #.#..#.##...# #.# # #..#
#.#.........### #.# #
####..#######.#..####...#.###.###
.............)..................#
####..#.#####.#..####...#.###.#.#
####........#.#..####............
................@.............#.#
......♣.....8.#S.####...#.##..#.#
.............##..####...#.##..#.#
........................#.##..#.#
♣..♣.....♣....#..#####..#.##..#.#
.............##..#####..#.##..#.#
..............................#.#
♣.._.........##..................
.................#####..#.##....#


You could see an adder.

Vanquished Creatures
  An adder (D:2)
  2 ball pythons
  3 endoplasms (D:1)
  A goblin (D:2)
  A hobgoblin (D:1)
  A frilled lizard (D:1)
  2 kobolds (D:1)
  2 rats
13 creatures vanquished.

Notes
Turn   | Place    | Note
-------+----------+-------------------------------------------
     0 | D:1      | rjrrt the Demonspawn Berserker began the quest for the Orb.
     0 | D:1      | Reached XP level 1. HP: 18/18 MP: 1/1
   483 | D:1      | Found a faded altar of an unknown god.
   714 | D:1      | Gained mutation: You regenerate a little health from kills.
                  | [demonic ancestry]
   714 | D:1      | Reached XP level 2. HP: 23/24 MP: 2/2
  1214 | D:1      | HP: 1/24 [poisoned by an adder]
  1214 | D:1      | Slain by an adder

Illustrated notes

Levels and vault maps discovered:
D:1:      eino_arrival_cavern_a, layout_basic,
          hellmonk_ecumenical_altar_arch_garden
D:2:      minmay_angry_zag, layout_rooms, hangedman_decor_push,
          roderic_roman_lattice

Skill      XL: |  1 |
---------------+----+-----
Axes           | 3 |  3.7
Fighting       | |  3.0
Armour         | |  1.7
Dodging        | |  1.7

Action                   || total
-------------------------++-------
Melee: Hand axe          ||    45
Invok: Berserk           ||     2
 Stab: Sleeping          ||     1
Armor: Animal skin       ||     5
Dodge: Dodged            ||    44

Table legend: (Time is in decaauts)
 A = Elapsed time spent in this place.
 B = Non-inter-level travel time spent in this place.
 C = Inter-level travel time spent in this place.
 D = Time resting spent in this place.
 E = Time spent auto-exploring this place.
 F = Levels seen in this place.
 G = Mean time per level.
                   A        B        C        D        E       F      G
               +--------+--------+--------+--------+--------+-----+--------+
         Total |   1235 |   1220 |     15 |      0 |   1092 |   2 |  617.5 |
       Dungeon |   1235 |   1220 |     15 |      0 |   1092 |   2 |  617.5 |
               +--------+--------+--------+--------+--------+-----+--------+

Top non-repeatable levels by time:
     D:1: 1205 daAuts
     D:2: 29 daAuts
